 Dungeon Crawl Stone Soup version 0.32-a0-42-ga30500b4d3 (webtiles) character file.

Game seed: 8337477776139043975

2223 Ceno the Covert (level 9, -1/68 (81) HPs)
             Began as a Naga Ice Elementalist on Feb 2, 2024.
             Was a Believer of Ashenzari.
             Killed from afar by Dowan (14 damage)
             ... with a stone arrow
             ... on level 5 of the Dungeon.
             The game lasted 00:28:42 (7151 turns).

Ceno the Covert (Naga Ice Elementalist)             Turns: 7151, Time: 00:28:44

HP:   -1/68 (81)    AC:  4    Str: 12    XL:     9   Next: 35%
MP:   20/24         EV: 10    Int: 17    God:    Ashenzari [**....]
Gold: 298           SH:  0    Dex: 13    Spells: 6/16 levels left

rFire   . . .        o - +0 whip of Ashenzari's Mistrust {venom, Range, Comp} (curse)
rCold   . . .        (no shield)
rNeg    . . .        e - +0 leather armour of the Clairvoyant God {Cun, Sorc} (curse)
rPois   +            (no helmet)
rElec   .            (no cloak)
rCorr   +            (no gloves)
SInv    +            (no barding)
Will    +....        (no amulet)
Stlth   ++++         p - ring of resist corrosion
HPRegen 0.31/turn    s - ring of the Lashed Sun {MP+9, Fort, Melee} (curse)
MPRegen 0.19/turn

%: no passive effects
@: freezing walls, heavily drained, very slow
A: AC +3, large, see invisible, deformed body, poison resistance, slowness 2,
spit poison 1, naga tail 1
a: Spit Poison, Renounce Religion, Shatter the Chains


You were on level 5 of the Dungeon.
You worshipped Ashenzari.
Ashenzari was pleased with you.
You visited 1 branch of the dungeon, and saw 7 of its levels.

You collected 298 gold pieces.

Inventory:

Hand Weapons
 g - a +0 dagger
 j - a +0 spear
 o - the cursed +0 whip of Ashenzari's Mistrust (weapon) {venom, Range, Comp}
   (You took it off an orc on level 3 of the Dungeon)

   It has a curse which improves the following skills: Ranged Combat: Ranged
   Weapons and Throwing.
   Companions: Summonings and Necromancy.
 t - a +0 morningstar
 A - a +0 halberd
 C - a +0 trident
Missiles
 f - 63 stones (quivered)
 u - 5 poisoned darts
Armour
 e - the cursed +0 leather armour of the Clairvoyant God (worn) {Cun, Sorc}
   (You found it on level 1 of the Dungeon)

   It has a curse which improves the following skills: Cunning: Dodging and
   Stealth.
   Sorcery:   Conjurations and Alchemy.
 q - a +2 ring mail of poison resistance
Jewellery
 p - a ring of resist corrosion (left hand)
 s - the cursed ring of the Lashed Sun (right hand) {MP+9, Fort, Melee}
   (You found it on level 3 of the Dungeon)

   [ring of magical power]

   MP+9:      It affects your magic capacity (+9).
   It has a curse which improves the following skills: Fortitude: Armour and
   Shields.
   Melee Combat: Short Blades, Long Blades, Axes, Maces & Flails, Polearms,
   Staves and Unarmed Combat.
Wands
 D - a wand of roots (3)
 E - a wand of paralysis (8)
Scrolls
 a - a scroll of summoning
 d - 5 scrolls of identify
 h - 3 scrolls of immolation
 n - 2 scrolls of enchant armour
 r - a scroll of amnesia
 w - 4 scrolls of teleportation
 x - a scroll of silence
 y - a scroll of blinking
 B - a scroll of fog
Potions
 b - a potion of magic
 c - a potion of haste
 i - 2 potions of brilliance
 k - a potion of cancellation
 l - 2 potions of invisibility
 m - a potion of might
 v - 2 potions of curing
 z - a potion of lignification


   Skills:
 + Level 5.1 Fighting
 + Level 5.1(6.2) Polearms
 - Level 1.5(2.4) Dodging
 - Level 9.0(10.1) Stealth
 - Level 4.0 Spellcasting
 + Level 2.5(3.4) Summonings
 + Level 7.3 Ice Magic


You had 6 spell levels left.
You knew the following spells:

 Your Spells              Type           Power      Damage    Failure   Level
a - Freeze                Ice            100%       1d10      1%          1
b - Frozen Ramparts       Ice            56%        1d9       3%          3
c - Ozocubu's Armour      Ice            28%        N/A       3%          3
d - Summon Ice Beast      Ice/Summ       21%        N/A       6%          3

Your spell library contained the following spells:

 Spells                   Type           Power      Damage    Failure   Level
 Slow                     Hex            12%        N/A       21%         1
 Vampiric Draining        Necr           3%         2d6       50%         3
 Confusing Touch          Hex            3%         N/A       52%         3
 Inner Flame              Hex/Fire       3%         N/A       52%         3
 Sigil of Binding         Hex            3%         N/A       52%         3
 Irradiate                Conj/Alch      1%         3d12      99%         5
 Ignition                 Fire           1%         3d3       100%        8


Dungeon Overview and Level Annotations

Branches:
Dungeon (7/15)
 Temple: D:4-7

Altars:
Ashenzari
Gozag
Kikubaaqudgha
Makhleb
Nemelex Xobeh
Vehumet
Xom
Zin

Shops:
D:1 (

Annotations:
D:5 2 runed translucent doors, Dowan; grandjackal's ghost, novice DsGl


Innate Abilities, Weirdness & Mutations

Your serpentine skin is tough. (AC +3)
You have supernaturally acute eyesight. (SInv)
Armour fits poorly on your strangely shaped body.
Your system is resistant to poisons. (rPois)
You cover ground very slowly.
You can spit poison.
You have a snake-like lower body.


Message History

The wight is moderately damaged.
The wight hits you with a +0 flail!
You hit the wight.
The wight is heavily damaged.
The wight closely misses you.
You hit the wight but do no damage.
The wight is heavily damaged.
The wight barely misses you.
You hit the wight.
The wight is severely damaged.
The wight hits you with a +0 flail!
You feel drained.
You hit the wight but do no damage.
The wight is heavily damaged.
The wight closely misses you.
You hit the wight but do no damage.
The wight is heavily damaged.
The wight hits you with a +0 flail!
You feel drained. The wight hits you with a +0 flail!
* * * LOW HITPOINT WARNING * * *
You feel drained.
* * * LOW HITPOINT WARNING * * *
Okay, then.
You hit the wight.
The wight is severely damaged.
The sentinel's mark upon you fades away.
Dowan seems to find hidden reserves of power!
The wight barely misses you.
You hit the wight but do no damage.
The wight is severely damaged.
The wight barely misses you.
Okay, then.
Casting: Ozocubu's Armour (dangerous; 3% risk of failure)
Confirm with . or Enter, or press ? or * to list all spells.
Casting: Frozen Ramparts (dangerous; 3% risk of failure)
Press: ? - help, Dir - look around, f - activate The walls around you are covered in ice.
The wall freezes Dowan.
Dowan points at you and mumbles some strange words.
The stone arrow hits you!
You die...

##≈#≈...≈⌠#..##.#
#§#≈...≈##..##.# #####
#≈#≈≈≈≈≈##..##># #.#.###
#≈##⌠#⌠###..##.. #≈~!..##
####≈≈######...#### ~≈...#.#
#...§...# #.#### # .~#~⌠§§#
#.###.#.###.####### ~..W.§#
####.###.#............
##++###
#....@z..........#####
......# #.##.##..#.####..#
......######.##.........<...#
##..####.......e##.##.###.#.#
....# #.###.##.##.##.......#
.[..# #.# #.#.....######.###
....####.# #.......# #...#
.........# ###<....# #...# #
....###### #....^# #...# #


You could see Dowan (fast) and a wight.

Vanquished Creatures
  Pikel (D:5)
  Grinder (D:5)
  Duvessa (D:5)
  An ice beast (D:5)
  2 sky beasts
  An ogre (D:6)
  2 black bears (D:5)
  A centaur (D:5)
  A lemure (D:4)
  3 scorpions
  3 orc priests
  2 hounds
  A gnoll bouda (D:5)
  3 sleepcaps
  3 orc wizards
  Ijyb (D:5)
  3 iguanas
  4 adders
  9 gnolls
  A white imp (D:5)
  4 ribbon worms
  4 dart slugs
  22 orcs
  8 ball pythons
  5 bats
  11 endoplasms
  2 giant cockroaches
  4 hobgoblins
  6 jackals
  4 kobolds
  2 quokkas (D:3)
  2 frilled lizards (D:3)
  11 goblins
  3 rats (D:2)
132 creatures vanquished.

Notes
Turn   | Place    | Note
-------+----------+-------------------------------------------
     0 | D:1      | Ceno the Naga Ice Elementalist began the quest for the Orb.
     0 | D:1      | Reached XP level 1. HP: 15/15 MP: 3/3
    98 | D:1      | Reached XP level 2. HP: 22/22 MP: 0/5
   780 | D:1      | Reached XP level 3. HP: 28/28 MP: 6/6
   800 | D:1      | Learned a level 3 spell: Frozen Ramparts
   856 | D:1      | Found Fash's Weapon Emporium.
  1274 | D:2      | Reached skill level 4 in Stealth
  1339 | D:2      | Reached XP level 4. HP: 36/36 MP: 3/8
  1459 | D:2      | Found a faded altar of an unknown god.
  1618 | D:2      | Found a broken altar of Ashenzari.
  1628 | D:2      | Became a worshipper of Ashenzari the Shackled
  2328 | D:3      | Reached XP level 5. HP: 38/42 MP: 1/10
  2561 | D:3      | Found a radiant altar of Vehumet.
  2567 | D:3      | Reached skill level 5 in Stealth
  2583 | D:3      | Learned a level 3 spell: Ozocubu's Armour
  2868 | D:3      | Reached skill level 5 in Ice Magic
  3030 | D:3      | Reached XP level 6. HP: 35/50 MP: 12/12
  3312 | D:3      | Reached skill level 1 in Fighting
  3312 | D:3      | Reached skill level 1 in Polearms
  3454 | D:4      | Identified the +0 plate armour of the Byakko {rF+}
  3460 | D:4      | Found an opulent altar of Gozag.
  3460 | D:4      | Found a shimmering altar of Xom.
  3537 | D:4      | Reached skill level 6 in Stealth
  3591 | D:4      | Reached * piety under Ashenzari
  3738 | D:4      | Found a broken altar of Ashenzari.
  3739 | D:4      | Found a sparkling altar of Nemelex Xobeh.
  3813 | D:4      | You fall into a shaft and drop 2 floors!
  3897 | D:7      | Noticed an orc warrior
  3965 | D:6      | Noticed a sky beast
  3973 | D:5      | Entered Level 5 of the Dungeon
  3980 | D:5      | Reached XP level 7. HP: 58/58 MP: 13/13
  4357 | D:5      | Noticed Grinder
  4416 | D:5      | Reached skill level 7 in Stealth
  4580 | D:4      | HP: 2/61 [lemure[Pikel] (7)]
  4844 | D:5      | Paralysed by Grinder for 2 turns
  4862 | D:5      | Paralysed by Grinder for 2 turns
  4866 | D:5      | Killed Grinder
  4867 | D:5      | Reached XP level 8. HP: 13/69 MP: 14/14
  4883 | D:5      | Identified the cursed +0 leather armour of the Clairvoyant
                  | God {Cun, Sorc} (You found it on level 1 of the Dungeon)
  5242 | D:5      | Noticed Pikel
  5255 | D:5      | Killed Pikel
  5256 | D:5      | Reached skill level 8 in Stealth
  5311 | D:5      | Found a glowing silver altar of Zin.
  5324 | D:5      | Found a large runed translucent door.
  5324 | D:5      | Found a large runed translucent door.
  5369 | D:5      | Found an ancient bone altar of Kikubaaqudgha.
  5375 | D:5      | Noticed Dowan
  5389 | D:5      | Reached ** piety under Ashenzari
  5518 | D:5      | Reached skill level 9 in Stealth
  5524 | D:5      | Learned a level 3 spell: Summon Ice Beast
  5672 | D:5      | Noticed Duvessa
  5690 | D:5      | Killed Duvessa
  5691 | D:5      | Reached skill level 1 in Summonings
  5691 | D:5      | Reached XP level 9. HP: 59/79 MP: 13/15
  6069 | D:5      | Noticed Ijyb
  6088 | D:5      | Killed Ijyb
  6135 | D:5      | Found a burning altar of Makhleb.
  6219 | D:5      | Noticed grandjackal's ghost (novice DsGl)
  6850 | D:6      | Reached skill level 5 in Fighting
  6850 | D:6      | Reached skill level 5 in Polearms
  7151 | D:5      | Killed from afar by Dowan

Illustrated notes

Levels and vault maps discovered:
D:1:      evilmike_arrival_crescent, layout_basic, serial_shops, shop,
          minmay_door_square, supply_closet_lemuel
D:2:      layout_loops_ring, basic_altar,
          hellmonk_ecumenical_altar_leap_of_faith
D:3:      minmay_general_purpose_star, layout_rooms, nicolae_vehumet_radiance,
          minmay_misc_feat_x
D:4:      layout_cave_pools, gammafunk_temple_overflow_elements,
          mainiacjoe_overflow_big_doors, minmay_surrounded
D:5:      layout_loops_cross, lightli_temple_of_fire,
          mainiacjoe_overflow_boulevard, zin_scriptorium,
          ebering_ghost_disaster_area, uniq_grinder, uniq_duvessa, uniq_ijyb,
          uniq_pikel
D:6:      layout_cave_pods, serial_library_hellmonk_secret_room
D:7:      layout_loops_cross, minmay_temple_entry_statues_pillars,
          enter_bailey_5, roderic_roman_lattice

Skill      XL: |  1  2  3  4  5  6  7  8  9 |
---------------+----------------------------+-----
Stealth        | 4 5 6 7 9 |  9.0
Spellcasting   | 3 4 |  4.0
Ice Magic      | 5 6 7 |  7.3
Fighting       | 1 3 4 5 |  5.1
Polearms       | 1 3 4 5 |  5.1
Summonings     | 1 2 |  2.5
Dodging        | |  1.5

Action                     |  1- 3 |  4- 6 |  7- 9 || total
---------------------------+-------+-------+-------++-------
  Melee: Dagger            |     6 |    10 |       ||    16
         Whip              |       |    70 |   128 ||   198
         Punch             |       |     1 |     2 ||     3
  Throw: Stone             |     1 |     3 |     4 ||     8
         Dart              |       |       |     3 ||     3
   Cast: Freeze            |    29 |    20 |     3 ||    52
         Frozen Ramparts   |     2 |    30 |    24 ||    56
         Ozocubu's Armour  |       |     3 |    11 ||    14
 Invoke: Curse Item        |       |     2 |     1 ||     3
Ability: Spit Poison       |     8 |    20 |    11 ||    39
    Use: Potion            |       |       |     2 ||     2
   Stab: Sleeping          |     2 |     2 |       ||     4
 Armour: Robe              |     3 |       |       ||     3
         Leather armour    |    22 |    57 |   127 ||   206
         Skin              |       |       |    25 ||    25
  Dodge: Dodged            |     8 |    38 |    69 ||   115

Table legend: (Time is in decaauts)
 A = Elapsed time spent in this place.
 B = Non-inter-level travel time spent in this place.
 C = Inter-level travel time spent in this place.
 D = Time resting spent in this place.
 E = Time spent auto-exploring this place.
 F = Levels seen in this place.
 G = Mean time per level.
                   A        B        C        D        E       F      G
               +--------+--------+--------+--------+--------+-----+--------+
         Total |   8861 |   8553 |    308 |   1849 |   3374 |   7 | 1265.9 |
       Dungeon |   8861 |   8553 |    308 |   1849 |   3374 |   7 | 1265.9 |
               +--------+--------+--------+--------+--------+-----+--------+

Top non-repeatable levels by time:
     D:5: 2225 daAuts
     D:1: 1645 daAuts
     D:3: 1387 daAuts
     D:2: 1371 daAuts
     D:4: 1238 daAuts
     D:6: 991 daAuts
     D:7: 1 daAuts
